Map: Eastwatch LE

Players

Angelus - Winner!

  • Race: Zerg Zerg
  • League: Platinum
  • Spawn Location: 7:00

Kozzy

  • Race: Protoss Protoss
  • League: Gold
  • Spawn Location: 1:00

VOD

Have the link to the VOD?

Description

Time

  • Played on: April 4, 2018, 4:18 a.m.
  • Length: 5:35
Show
View Real Time Build Order
Export as new Build Order

Angelus Zerg - Winner!

Build Orders: Pool First, Swarm Host 

Get SALT Encoding   

  12  0:01  Drone  
  13  0:13  Overlord  
  13  0:17  Drone  
  14  0:22  Extractor  
  14  0:23  Drone  
  14  0:32  Extractor  
  14  0:35  Drone  
  14  0:49  Spawning Pool  
  13  0:55  Drone  
  14  1:00  Drone  
  15  1:09  Drone  
  16  1:14  Drone  
  17  1:22  Drone  
  18  1:30  Drone  
  19  1:43  Zergling x2  
  19  1:45  Queen  
  22  1:53  Overlord  
  22  2:14  Overlord  
  22  2:27  Lair  
  22  2:44  Drone  
  22  2:45  Hatchery  
  22  3:02  Drone x4  
  26  3:08  Overlord  
  26  3:24  Queen  
  28  3:30  Infestation Pit  
  27  3:37  Nydus Network  
  26  4:04  Drone  
  26  4:06  Swarm Host x3  
  26  4:08  Swarm Host  
  39  4:21  Swarm Host  
  39  4:23  Swarm Host  
  45  4:31  Swarm Host  
  48  4:40  Swarm Host  
  51  4:56  Nydus Canal  
  51  5:02  Overlord  
  51  5:03  Overlord  
  51  5:05  Drone  
Show
View Real Time Build Order
Export as new Build Order

Kozzy Protoss 

Build Orders:  

Get SALT Encoding   

  12  0:02  Probe  
  14  0:14  Probe  
  14  0:19  Pylon  
  14  0:26  Probe  
  15  0:38  Probe (Chrono Boost)  
  15  0:41  Gateway  
  17  0:50  Probe (Chrono Boost)  
  17  0:55  Probe (Chrono Boost), Assimilator  
  18  1:02  Pylon  
  18  1:10  Probe  
  19  1:16  Assimilator  
  19  1:25  Pylon  
  19  1:27  Pylon  
  19  1:30  Probe  
  20  1:39  Zealot (Chrono Boost)  
  22  1:49  Gateway  
  22  1:55  Pylon  
  22  2:05  Cybernetics Core  
  22  2:12  Probe  
  23  2:22  Zealot (Chrono Boost)  
  23  2:24  Probe  
  23  2:29  Forge  
  26  2:43  Shield Battery  
  26  2:46  Stalker  
  26  2:48  Warp Gate  
  28  2:59  Protoss Ground Weapons Level 1 (Chrono Boost)  
  28  3:09  Photon Cannon  
  28  3:19  Pylon  
  28  3:24  Stalker  
  30  3:51  Zealot  
  32  3:57  Gateway  
  32  3:59  Gateway  
  32  4:19  Pylon  
  32  4:29  Gateway, Photon Cannon  
  32  4:37  Twilight Council  
  32  5:04  Shield Battery  
  32  5:08  Zealot x3  
  32  5:09  Zealot  
  37  5:31  Stalker x3  
Tags
 
Composition
Swarm Host
Matchup
PvZ
Opening
Pool First
Spawn Locations
Cross Positions
Add a new tag
Caveats
  • Supply blocks, unpowered buildings, or Contaminate may cause inaccurate times.
  • Supply counts are checked every 10 seconds.